[Event "Late-Titled-Tuesday-Blitz-April-23-2024"]
[Site "Chess.com"]
[Date "2024.04.23"]
[Round "4"]
[White "BlackGod93"]
[Black "FM_Kappeler"]
[Result "1-0"]
[WhiteElo "2567"]
[BlackElo "2279"]
[TimeControl "180+1"]
[EndTime "14:38:26 PDT"]
[Termination "BlackGod93 won by resignation"]

1. Nf3 Nf6 2. g3 g6 3. b3 Bg7 4. Bb2 O-O 5. Bg2 d6 6. d4 c6 7. O-O Bf5 8. c4 a5 9. Nc3 Ne4 10. Nh4 Nxc3 11. Bxc3 Bd7 12. Qd2 e5 13. dxe5 dxe5 14.
Rad1 Qc7 15. Qd6 Qxd6 16. Rxd6 Be6 17. Nf3 e4 18. Nd4 Be5 19. Nxe6 Bxd6 20. Nxf8 Bxf8 21. Bxe4 Nd7 22. Rd1 Nc5 23. Bf3 Ne6 24. Rd7 Nc5 25. Rd1 Ne6 26. h4 h5 27. Kg2 a4 28. b4 a3 29. c5 Ra4 30. Rd7 Ra7 31. Bxc6 1-0

[Event "Late-Titled-Tuesday-Blitz-April-23-2024"]
[Site "Chess.com"]
[Date "2024.04.23"]
[Round "4"]
[White "AsaHoffmann"]
[Black "2Coaches1Profile"]
[Result "0-1"]
[WhiteElo "2375"]
[BlackElo "2550"]
[TimeControl "180+1"]
[EndTime "14:38:30 PDT"]
[Termination "2Coaches1Profile won by resignation"]

1. d4 e6 2. e4 b6 3. Bd3 Bb7 4.
Nd2 c5 5. c3 cxd4 6. cxd4 Nc6 7. Ngf3 Nb4 8. Be2 Rc8 9. O-O Nf6 10. e5 Ne4 11. a3 Nxd2 12. Bxd2 Nd5 13. Bd3 Be7 14. Qe2 f5 15. exf6 Nxf6 16. Rac1 O-O 17. Rfe1 Rxc1 18. Bxc1 Qa8 19. Bg5 Bxf3 20. Qxf3 Qxf3 21.
gxf3 Nd5 22. Bxe7 Nxe7 23. Kg2 Rf4 24. Rd1 Kf7 25. Be4 d5 26. Bc2 Nc6 27. Kg3 Rxd4 28. Rc1 Rc4 29. b3 Rc5 30. Kf4 Nd4 0-1

[Event "Late-Titled-Tuesday-Blitz-April-23-2024"]
[Site "Chess.com"]
[Date "2024.04.23"]
[Round "4"]
[White "ViIIagra"]
[Black "enriquetejedor"]
[Result "0-1"]
[WhiteElo "2911"]
[BlackElo "2746"]
[TimeControl "180+1"]
[EndTime "14:38:31 PDT"]
[Termination "enriquetejedor won by resignation"]

1. g3 d5 2. Bg2 Nf6 3. d3 Bf5 4. c4 c6 5. Qb3 Qb6 6. Be3 Qxb3 7. axb3 a6 8. Nf3 e6 9. O-O Nbd7 10. Nh4 Bg4 11. h3 Bxe2 12. Re1 Bxd3 13. Nc3 dxc4 14. bxc4 Bxc4 15. b3 Bd5 16. Nxd5 Nxd5 17. Bd4 Bc5 18.
Bb2 O-O 19. Kf1 Rfd8 20. Ra4 Bb4 21. Rc1 Bd2 22. Rc2 Bg5 23. Nf3 Bf6 24. Bc1 N7b6 25. Re4 Nc3 26. Re1 Nbd5 27. g4 Nb4 28. Rd2 Nd3 0-1

[Event "Late-Titled-Tuesday-Blitz-April-23-2024"]
[Site "Chess.com"]
[Date "2024.04.23"]
[Round "4"]
[White "emeli_chess"]
[Black "Szachulec75"]
[Result "1-0"]
[WhiteElo "2451"]
[BlackElo "2083"]
[TimeControl "180+1"]
[EndTime "14:38:38 PDT"]
[Termination "emeli_chess won by resignation"]

1. d4 Nf6 2. c4 g6 3. Nc3 Bg7 4. e4 d6 5. f3 O-O 6. Be3 e5 7. d5 Nh5 8. Qd2 f5 9. O-O-O a6 10. exf5 gxf5 11. Bd3 b5 12. c5 Nf4 13. c6 Nxd3+ 14. Qxd3 f4 15. Bf2 Bf5 16. Ne4 b4 17. Ne2 a5 18. h4 Na6 19. h5 h6 20. Rdg1 Kh8 21.
g4 fxg3 22. Rxg3 Bh7 23. Rhg1 Rf7 24. f4 exf4 25. Nxf4 Rxf4 26. Rxg7 Bxe4 27. Bd4 Qf8 28. Rf7+ 1-0

[Event "Late-Titled-Tuesday-Blitz-April-23-2024"]
[Site "Chess.com"]
[Date "2024.04.23"]
[Round "4"]
[White "traack"]
[Black "Skatchkov_V"]
[Result "0-1"]
[WhiteElo "2468"]
[BlackElo "2671"]
[TimeControl "180+1"]
[EndTime "14:38:39 PDT"]
[Termination "Skatchkov_V won by resignation"]

1. e4 e5 2. Nf3 d5 3. exd5 e4 4. Qe2 Nf6 5. Nc3 Be7 6. Nxe4 Nxd5 7. g3 O-O 8. Bg2 Nc6 9. O-O Bg4 10. c3 Re8 11. d3 f5 12. Ned2 Bf6 13. Qd1 Ne5 14. d4 Nd3 15. Qb3 Nxc1 16. Raxc1 Kh8 17. Ne5 Bxe5 18.
dxe5 Ne3 19. fxe3 Qxd2 20. Qxb7 Qxe3+ 21. Kh1 Rab8 22. Qxc7 Rxb2 23. Qc6 Qxe5 24. h3 Bh5 25.
Rce1 Qxe1 26. Rxe1 Rxe1+ 27. Kh2 Ree2 28. Qc8+ Be8 29. Qa8 Rxg2+ 30. Kh1 Rge2 0-1

[Event "Late-Titled-Tuesday-Blitz-April-23-2024"]
[Site "Chess.com"]
[Date "2024.04.23"]
[Round "4"]
[White "Naruna_Chan"]
[Black "Vulcan_o"]
[Result "1-0"]
[WhiteElo "2443"]
[BlackElo "1443"]
[TimeControl "180+1"]
[EndTime "14:38:40 PDT"]
[Termination "Naruna_Chan won on time"]

1. e4 e5 2. d4 exd4 3. c3 Nc6 4.
cxd4 d6 5. Nc3 Nf6 6. Nf3 Be7 7.
Bb5 a6 8. Ba4 O-O 9. O-O Bg4 10.
Bxc6 bxc6 11. h3 Bh5 12. Qd3 Bg6 13. Qe2 Re8 14. Re1 Bf8 15. Bg5 h6 16. Bh4 Be7 17. e5 dxe5 18. dxe5 Nd5 19. Bxe7 Qxe7 20. Rac1 Rab8 21.
b3 Nb4 22. Ne4 a5 23. Nc5 Red8 24. e6 fxe6 25. Qxe6+ Qxe6 26. Rxe6 Bf7 27. Re7 Nd5 28.
Ree1 Rb5 29. Ne5 Nb4 30. Nxc6 1-0

[Event "Late-Titled-Tuesday-Blitz-April-23-2024"]
[Site "Chess.com"]
[Date "2024.04.23"]
[Round "4"]
[White "BenchGM"]
[Black "dosto07"]
[Result "0-1"]
[WhiteElo "2237"]
[BlackElo "2491"]
[TimeControl "180+1"]
[EndTime "14:38:41 PDT"]
[Termination "dosto07 won on time"]

1. e4 e5 2. Nf3 Nc6 3. Bb5 a6 4. Ba4 Nf6 5. O-O Be7 6. Re1 b5 7. Bb3 d6 8. c3 O-O 9. h3 Bb7 10. a4 Re8 11. d4 Bf8 12. Nbd2 h6 13. Nf1 exd4 14. cxd4 Rxe4 15. Rxe4 Nxe4 16. Bd5 Nf6 17. Ne3 Nxd5 18. Nxd5 Ne7 19. Nf4 c5 20. d5 Qd7 21. Nh5 Qf5 22. Nh4 Qxd5 23. Qg4 f5 24. Qg3 Qf7 25. Nf4 g5 26. Nd3 Bg7 27. Nf3 f4 28. Qg4 Bc8 0-1

[Event "Late-Titled-Tuesday-Blitz-April-23-2024"]
[Site "Chess.com"]
[Date "2024.04.23"]
[Round "4"]
[White "szachmistrz2500"]
[Black "th3d4rkness"]
[Result "1-0"]
[WhiteElo "2455"]
[BlackElo "2140"]
[TimeControl "180+1"]
[EndTime "14:38:42 PDT"]
[Termination "szachmistrz2500 won on time"]

1. d4 Nf6 2. Nf3 g6 3. c4 Bg7 4. Nc3 d6 5. e4 O-O 6. Be2 e5 7. O-O Nc6 8. d5 Ne7 9. Ne1 Ne8 10. Be3 c5 11. f3 f5 12. a3 f4 13. Bf2 g5 14. b4 b6 15. bxc5 bxc5 16. Rb1 Ng6 17.
Nd3 h5 18. Nxc5 dxc5 19. Bxc5 Rf7 20. Bf2 Nf6 21. c5 Rb7 22. Rxb7 Bxb7 23. c6 Bc8 24.
Bc4 Kh7 25. d6 Bf8 26. d7 Bxd7 27. cxd7 Qxd7 28. Qb3 Qc8 29. Be6 Qb8 30. Qc4 Qb2 31.
Bf5 Qb7 32. Rb1 Qe7 33. Bc5 Qxc5+ 34. Qxc5 Bxc5+ 35. Kf1 Kh6 36. Rb7 Bb6 37. Rf7 Ng8 38.
Nd5 1-0

[Event "Late-Titled-Tuesday-Blitz-April-23-2024"]
[Site "Chess.com"]
[Date "2024.04.23"]
[Round "4"]
[White "ACollins05"]
[Black "A4RookA3"]
[Result "1-0"]
[WhiteElo "2533"]
[BlackElo "2362"]
[TimeControl "180+1"]
[EndTime "14:38:44 PDT"]
[Termination "ACollins05 won on time"]

1. Nf3 g6 2. e3 Bg7 3. d4 Nf6 4. b3 c5 5. Bb2 cxd4 6. Nxd4 O-O 7. c4 d5 8. Nc3 Re8 9. Nf3 Ne4 10. Qc2 Qa5 11. Rc1 Nc6 12. cxd5 Nb4 13. Qxe4 Bf5 14. Qc4 Nxa2 15. b4 Nxb4 16. Qb5 Qxb5 17. Bxb5 Rec8 18. O-O a6 19. Be2 Bxc3 20. Rxc3 Rxc3 21. Bxc3 Nxd5 22. Bd4 Rc8 23. Rd1 1-0

[Event "Late-Titled-Tuesday-Blitz-April-23-2024"]
[Site "Chess.com"]
[Date "2024.04.23"]
[Round "4"]
[White "ansko1999"]
[Black "Mikhail_Bryakin"]
[Result "0-1"]
[WhiteElo "2600"]
[BlackElo "2828"]
[TimeControl "180+1"]
[EndTime "14:38:45 PDT"]
[Termination "Mikhail_Bryakin won by resignation"]

1. Nc3 Nc6 2. e4 e5 3. Bc4 Nge7 4. d3 Ng6 5. h4 h5 6. Bg5 Be7 7. Nf3 Na5 8. Bd5 c6 9. Bxf7+ Kxf7 10. b4 Bf6 11. bxa5 Qxa5 12. Bd2 Qc7 13. Ng5+ Kg8 14. g3 d6 15. Qb1 Qb6 16. Qb3+ Qxb3 17. axb3 Nf8 18. Ke2 Ne6 19. Nxe6 Bxe6 20. Be3 a6 21. Bg5 Kf7 22. Bxf6 gxf6 23. Nd1 f5 24. exf5 Bxf5 25. Ne3 Be6 26. f3 Rag8 27. Rag1 d5 28. g4 Kf6 29. g5+ Kg6 30. Rf1 Rf8 31. Rh2 Rf4 32. Ng2 Rf7 33.
Ne3 Rhf8 34. Rhf2 Bh3 35. Ng2 Bxg2 36. Rxg2 Rf4 37. Rh2 a5 38. Rh3 b5 39. Ra1 Ra8 40. Ke3 a4 41. bxa4 bxa4 42. Ra3 Kf5 43. Rh1 c5 44. c3 c4 45. d4 exd4+ 46. cxd4 Re8+ 47. Kf2 Rxd4 48. Rxa4 Kf4 49. Ra2 Re3 50. Rh3 Rdd3 51.
Kg2 c3 52. Ra4+ d4 53. g6 Rd2+ 54. Kf1 c2 55. Rc4 Rc3 0-1

[Event "Late-Titled-Tuesday-Blitz-April-23-2024"]
[Site "Chess.com"]
[Date "2024.04.23"]
[Round "4"]
[White "lluiss"]
[Black "ImportedItalianMaple"]
[Result "0-1"]
[WhiteElo "2146"]
[BlackElo "2466"]
[TimeControl "180+1"]
[EndTime "14:38:48 PDT"]
[Termination "ImportedItalianMaple won by resignation"]

1. Nf3 g6 2. d4 Bg7 3. c4 d6 4. g3 Nc6 5. Bg2 e5 6. dxe5 dxe5 7. Qxd8+ Nxd8 8. O-O Be6 9. Nfd2 c6 10. Nc3 f5 11. e4 f4 12. b3 g5 13. h3 h5 14. gxf4 exf4 15. Bb2 g4 16. Rfd1 gxh3 17. Bf1 Ne7 18. Nf3 Nf7 19. Kh2 Bg4 20. Rd3 Ne5 21. Nxe5 Bxe5 22. f3 Rd8 23. Rad1 Rxd3 24. Rxd3 Rg8 25.
Bxh3 Bxh3 26. Kxh3 Rg3+ 27. Kh2 Ng6 28. Nd1 Bxb2 29.
Nxb2 Ne5 30. Rc3 Nxf3+ 0-1

[Event "Late-Titled-Tuesday-Blitz-April-23-2024"]
[Site "Chess.com"]
[Date "2024.04.23"]
[Round "4"]
[White "MKlose11"]
[Black "DuleMudule"]
[Result "0-1"]
[WhiteElo "2597"]
[BlackElo "2824"]
[TimeControl "180+1"]
[EndTime "14:38:51 PDT"]
[Termination "DuleMudule won by resignation"]

1. e4 c5 2. Nc3 Nc6 3. g3 g6 4. Bg2 Bg7 5. d3 d6 6. Be3 b6 7. Qd2 Bb7 8. Nge2 Qd7 9. h3 Nd4 10. O-O h5 11. f4 h4 12. g4 f5 13. g5 e6 14. Nd1 Ne7 15. c3 Nxe2+ 16. Qxe2 O-O-O 17. Nf2 e5 18. a4 a6 19. b4 exf4 20. Bxf4 Bxc3 21. Rac1 Bxb4 22. d4 Nc6 23. Be3 f4 24.
Bxf4 Nxd4 25. Qb2 Kb8 26. Nd3 Ba5 27. Nxc5 bxc5 28. Rxc5 Qxa4 29. Rb1 Nb5 30. Ra1 Qb4 31. Qc1 Bb6 0-1

[Event "Late-Titled-Tuesday-Blitz-April-23-2024"]
[Site "Chess.com"]
[Date "2024.04.23"]
[Round "4"]
[White "kingofthenil"]
[Black "Thjop"]
[Result "1/2-1/2"]
[WhiteElo "2787"]
[BlackElo "2581"]
[TimeControl "180+1"]
[EndTime "14:38:54 PDT"]
[Termination "Game drawn by repetition"]

1. d4 Nf6 2. Bg5 e6 3. e4 h6 4. Bxf6 Qxf6 5. c3 d5 6. Bb5+ c6 7. Bd3 c5 8. Bb5+ Nc6 9. Nf3 Bd7 10. exd5 exd5 11. O-O cxd4 12. cxd4 Bd6 13. Nc3 O-O 14. Nxd5 Qf5 15. Nc3 Rad8 16. Re1 Bb4 17. Bd3 Qa5 18. Qb3 Bg4 19. a3 Bxf3 20. axb4 Qg5 21. Bf1 Nxd4 22.
Qd5 Bxd5 23. Kh1 Bc6 24. b5 Bd5 25. Kg1 Be6 26. Kh1 Bd5 27. Kg1 Be6 28. Kh1 Bd5 1/2-1/2

[Event "Late-Titled-Tuesday-Blitz-April-23-2024"]
[Site "Chess.com"]
[Date "2024.04.23"]
[Round "4"]
[White "TheFireChess"]
[Black "expii"]
[Result "1-0"]
[WhiteElo "2421"]
[BlackElo "2180"]
[TimeControl "180+1"]
[EndTime "14:38:55 PDT"]
[Termination "TheFireChess won by checkmate"]

1. e4 c5 2. Nf3 d6 3. d4 cxd4 4.
Qxd4 Nc6 5. Bb5 Bd7 6. Bxc6 Bxc6 7. Nc3 Nf6 8. Bg5 e6 9. O-O-O Be7 10. h4 O-O 11. h5 h6 12. Be3 Rc8 13. Qxa7 Nxe4 14. Bb6 Qe8 15. Qa5 Ra8 16. Qb4 Nxc3 17. Qxc3 Rxa2 18.
Bd4 e5 19. Be3 Bxf3 20. gxf3 Qc6 21. Rhg1 Qxc3 22. bxc3 Kh7 23. Kd2 Ra4 24. Rb1 Rh4 25.
Rxb7 Bf6 26. Rd7 Rxh5 27. Rxd6 Rh3 28. Rg3 Rh2 29. c4 Bg5 30. Bxg5 hxg5 31. Ke3 f6 32. Rg4 Rh1 33. c5 Rc8 34. c6 Rc1 35. Kd2 Ra1 36.
Rc4 Ra6 37. Kc3 Ra3+ 38. Kb4 Rxf3 39. c7 Rxf2 40. Rd8 Rxc7 41. Rxc7 g4 42. c4 g3 43.
Rdd7 g2 44. Rxg7+ Kh6 45. c5 Kh5 46. Rg8 Rf4+ 47. Kb5 Rg4 48. Rh7# 1-0

[Event "Late-Titled-Tuesday-Blitz-April-23-2024"]
[Site "Chess.com"]
[Date "2024.04.23"]
[Round "4"]
[White "andrew-blr"]
[Black "DrVelja"]
[Result "0-1"]
[WhiteElo "2616"]
[BlackElo "2977"]
[TimeControl "180+1"]
[EndTime "14:38:56 PDT"]
[Termination "DrVelja won by resignation"]

1. d4 Nf6 2. c4 e6 3. Nc3 Bb4 4. a3 Bxc3+ 5. bxc3 b6 6. f3 Nc6 7. e4 Ba6 8. e5 Ng8 9. f4 Na5 10. Nf3 Ne7 11. c5 Bxf1 12. Rxf1 Rb8 13. cxb6 axb6 14.
a4 d5 15. Ba3 Qd7 16. Bxe7 Qxe7 17. Kf2 Nc4 18. g3 O-O 19. Nd2 Na5 20. Kg2 c5 21. f5 exf5 22. Rxf5 Rbc8 23. Qg4 cxd4 24. cxd4 Rc2 25. Rf2 Qb4 26. Qf4 Nc6 27. e6 fxe6 0-1

[Event "Late-Titled-Tuesday-Blitz-April-23-2024"]
[Site "Chess.com"]
[Date "2024.04.23"]
[Round "4"]
[White "Kavyev_Ruslan"]
[Black "MasterofMasters2006"]
[Result "0-1"]
[WhiteElo "2385"]
[BlackElo "2188"]
[TimeControl "180+1"]
[EndTime "14:38:56 PDT"]
[Termination "MasterofMasters2006 won on time"]

1. d4 Nf6 2. Nf3 d5 3. c4 c6 4.
Nc3 dxc4 5. a4 Bf5 6. e3 e6 7. Bxc4 Bb4 8. O-O O-O 9. Qb3 a5 10.
Re1 Nbd7 11. e4 Nxe4 12. Rxe4 Bxc3 13. Bg5 Qb6 14. Qxc3 Bxe4 15. Nd2 Bg6 16. h4 h6 17. Be7 Rfe8 18. Ba3 Rac8 19. f3 Nf6 20. Re1 Nd5 21.
Qc1 Qxd4+ 22. Kh1 Qxh4+ 23. Kg1 Qd4+ 24. Kh1 Ne3 25. Ba2 Nf5 26. Bc5 Ng3+ 0-1

[Event "Late-Titled-Tuesday-Blitz-April-23-2024"]
[Site "Chess.com"]
[Date "2024.04.23"]
[Round "4"]
[White "Giantgoogachess"]
[Black "yaguigor"]
[Result "0-1"]
[WhiteElo "2299"]
[BlackElo "2571"]
[TimeControl "180+1"]
[EndTime "14:38:57 PDT"]
[Termination "yaguigor won by resignation"]

1. d4 Nf6 2. c4 e6 3. Nc3 d5 4. cxd5 exd5 5. Bg5 c6 6. e3 h6 7. Bh4 Be7 8. Bd3 Nbd7 9. Nge2 Nh5 10. Bxe7 Qxe7 11.
Qc2 Nb6 12. O-O-O Be6 13. Kb1 O-O-O 14. h3 g6 15. Ka1 Kb8 16. Rb1 Rc8 17. Rhc1 Ng7 18.
b4 Bf5 19. Bxf5 Nxf5 20. Na4 Nc4 21. Nb2 Nxb2 22. Qxb2 Nd6 23. Nc3 Nc4 24. Qe2 b5 25.
a4 a6 26. a5 f5 27. Re1 Rce8 28.
Ka2 h5 29. Kb3 h4 30. Rbd1 g5 31. Qf3 Qf6 32. Ne2 Kb7 33. Kc3 Re6 34. g4 Rf8 35.
Nc1 fxg4 36. Qxg4 Qf5 37. Rg1 Qxg4 38. Rxg4 Rxf2 39. Rxg5 Rxe3+ 40. Nd3 Nb2 41. Rg7+ Kc8 42. Rd2 Rxd2 43. Kxd2 Rxd3+ 44. Kc2 Rxd4 0-1

[Event "Late-Titled-Tuesday-Blitz-April-23-2024"]
[Site "Chess.com"]
[Date "2024.04.23"]
[Round "4"]
[White "KingCyber19"]
[Black "sergiochess83"]
[Result "0-1"]
[WhiteElo "2530"]
[BlackElo "2941"]
[TimeControl "180+1"]
[EndTime "14:38:59 PDT"]
[Termination "sergiochess83 won by resignation"]

1. d4 Nf6 2. c4 g6 3. Nc3 d5 4. cxd5 Nxd5 5. e4 Nxc3 6. bxc3 Bg7 7. Bc4 c5 8. Ne2 O-O 9. O-O Nc6 10. Be3 Na5 11.
Bd3 b6 12. dxc5 Qc7 13. cxb6 axb6 14. Rb1 Nc4 15. Bxc4 Qxc4 16. Bxb6 Qxe4 17. Ng3 Qc6 18. Bd4 e5 19. Be3 Rxa2 20. Qd3 Be6 21. Rfd1 h5 22. h3 h4 23. Nf1 Bf5 24. Qb5 Qxc3 25. Rbc1 Qa5 26. Qc4 Ra4 27. Qb3 Be6 28. Qb7 Qa8 29.
Qe7 Re8 30. Qg5 Kh7 31. Nd2 f6 0-1

[Event "Late-Titled-Tuesday-Blitz-April-23-2024"]
[Site "Chess.com"]
[Date "2024.04.23"]
[Round "4"]
[White "xberli"]
[Black "Jahonas"]
[Result "0-1"]
[WhiteElo "2622"]
[BlackElo "2401"]
[TimeControl "180+1"]
[EndTime "14:39:01 PDT"]
[Termination "Jahonas won by resignation"]

1. Nf3 d5 2. d4 c6 3. c4 Nf6 4. cxd5 Nxd5 5. e4 Nc7 6. Nc3 Bg4 7. Be3 e6 8. h3 Bh5 9. g4 Bg6 10. Ne5 Nd7 11. Nxg6 hxg6 12. Bg2 e5 13. O-O Bd6 14.
dxe5 Nxe5 15. Qe2 g5 16. Rad1 Ne6 17. Na4 Qe7 18. b3 O-O 19. Nb2 Rfd8 20. Nc4 Nxc4 21. Qxc4 Bf4 22. Qc2 g6 23. Rfe1 Qc7 24. Bf1 Qe5 25.
Bc4 Bxe3 26. Rxe3 Rxd1+ 27. Qxd1 Rd8 28. Rd3 Rxd3 29. Qxd3 Nf4 30. Qe3 b6 31. a4 c5 32.
Bf1 Kg7 33. f3 Kf6 34. Qd2 Qd4+ 35. Qxd4+ cxd4 36. Kf2 Ke5 37. Ke1 d3 38. Kd2 Kd4 39. b4 a5 40. bxa5 bxa5 41. Kd1 Kc3 42. Kc1 f6 43.
Kd1 Ne6 44. Kc1 Nc5 0-1

[Event "Late-Titled-Tuesday-Blitz-April-23-2024"]
[Site "Chess.com"]
[Date "2024.04.23"]
[Round "4"]
[White "Vladimir_2020"]
[Black "dropstoneDP"]
[Result "1/2-1/2"]
[WhiteElo "2772"]
[BlackElo "3018"]
[TimeControl "180+1"]
[EndTime "14:39:03 PDT"]
[Termination "Game drawn by repetition"]

1. Nf3 d5 2. g3 g6 3. Bg2 Bg7 4. d4 Nf6 5. O-O O-O 6. c4 dxc4 7. Na3 c5 8. Nxc4 Be6 9. Nce5 cxd4 10. Qxd4 Qxd4 11.
Nxd4 Bd5 12. Rd1 Bxg2 13. Kxg2 Rc8 14. Nef3 Nc6 15. Bf4 Nd5 16. Nxc6 Nxf4+ 17. gxf4 Rxc6 18. Rd2 Rb6 19. Rb1 Rc8 20. b3 Bf6 21. Rbd1 Kg7 22. Ne1 a5 23. Rd5 a4 24. bxa4 Rc4 25. Nd3 Rxa4 26.
Rd2 Rd4 27. Rxd4 Bxd4 28. Rc2 Ra6 29. Kf3 b5 30. e3 Bf6 31. Rc5 Rxa2 32. Rxb5 Ra7 33.
Rc5 e6 34. Rb5 Rc7 35. Rc5 Ra7 36. Rb5 Rc7 37. Rc5 Ra7 1/2-1/2

[Event "Late-Titled-Tuesday-Blitz-April-23-2024"]
[Site "Chess.com"]
[Date "2024.04.23"]
[Round "4"]
[White "JSPrepz"]
[Black "kleber2007"]
[Result "1-0"]
[WhiteElo "2792"]
[BlackElo "2439"]
[TimeControl "180+1"]
[EndTime "14:39:03 PDT"]
[Termination "JSPrepz won by resignation"]

1. e4 e6 2. d4 d5 3. e5 c5 4. c3 Nc6 5. Nf3 Bd7 6. Bd3 cxd4 7. cxd4 Nb4 8. Be2 Qb6 9. Nc3 Nh6 10. O-O Nf5 11.
g4 Nh6 12. h3 Be7 13. Bxh6 gxh6 14. Qd2 h5 15. g5 h4 16. Kh1 O-O-O 17. a3 Nc6 18. b4 Kb8 19. Rac1 Rc8 20. Na4 Qd8 21.
Nc5 h6 22. gxh6 Bf8 23. b5 Ne7 24. Ng5 Bxh6 25. f4 Bxg5 26. fxg5 Nf5 27. Kh2 Rg8 28. a4 Be8 29. Bg4 Ng3 30. Rf6 b6 31. Na6+ Kb7 32. Rxc8 Qxc8 33. Bf3 Qc4 34. Bg2 Qxa4 35. Nb4 Bxb5 36.
Rxf7+ Ka8 37. Qc3 Bc4 38. Qxc4 1-0

[Event "Late-Titled-Tuesday-Blitz-April-23-2024"]
[Site "Chess.com"]
[Date "2024.04.23"]
[Round "4"]
[White "TheAlienParty"]
[Black "karinachess1"]
[Result "1-0"]
[WhiteElo "2427"]
[BlackElo "2594"]
[TimeControl "180+1"]
[EndTime "14:39:03 PDT"]
[Termination "TheAlienParty won by resignation"]

1. c4 e6 2. Nf3 Nf6 3. b3 d5 4. e3 Be7 5. Bb2 O-O 6. d4 b6 7.
Be2 Bb7 8. O-O c5 9. cxd5 exd5 10. Nc3 Nc6 11. Rc1 Rc8 12. h3 Bd6 13. Nb5 Be7 14. a3 a6 15. Nc3 cxd4 16. Nxd4 Nxd4 17. Qxd4 Bc5 18. Qh4 Ne4 19. Qh5 Nd2 20. Rfd1 Nxb3 21. Nxd5 Bxd5 22. Rxd5 Qe7 23. Bd3 f5 24. Rxf5 Nxc1 25.
Rxf8+ Kxf8 26. Qf5+ Qf7 27. Qxc8+ Ke7 28. Qc7+ Ke8 29.
Qxf7+ Kxf7 30. Bxc1 b5 31. Kf1 h6 32. Ke2 Ke6 33. Bb2 g5 34. f4 gxf4 35. exf4 Kf7 36. Kf3 Bd4 37. Bxd4 1-0

[Event "Late-Titled-Tuesday-Blitz-April-23-2024"]
[Site "Chess.com"]
[Date "2024.04.23"]
[Round "4"]
[White "Babbelbox"]
[Black "Artem_Koval"]
[Result "1/2-1/2"]
[WhiteElo "2727"]
[BlackElo "2553"]
[TimeControl "180+1"]
[EndTime "14:39:05 PDT"]
[Termination "Game drawn by repetition"]

1. d4 d5 2. c4 e6 3. Nf3 Nf6 4. Nc3 Be7 5. Bg5 O-O 6. e3 h6 7.
Bh4 b6 8. Rc1 Bb7 9. Bxf6 Bxf6 10. cxd5 exd5 11. Bd3 c5 12. O-O Nc6 13. Bb1 cxd4 14.
Nxd4 Nxd4 15. exd4 Ba6 16. Re1 Qd7 17. Qf3 Rfe8 18.
Nxd5 Bxd4 19. Red1 Be2 20. Rxd4 Bxf3 21. Nf6+ gxf6 22.
Rxd7 Bg4 23. Rd6 Rac8 24. Rf1 Be2 25. Re1 Bg4 26. Rf1 Be2 27. Re1 Bg4 28. Rf1 1/2-1/2

[Event "Late-Titled-Tuesday-Blitz-April-23-2024"]
[Site "Chess.com"]
[Date "2024.04.23"]
[Round "4"]
[White "egnfanclub"]
[Black "NoSpaghettiForYou"]
[Result "1-0"]
[WhiteElo "2367"]
[BlackElo "2501"]
[TimeControl "180+1"]
[EndTime "14:39:10 PDT"]
[Termination "egnfanclub won by checkmate"]

1. e4 c5 2. Nc3 Nc6 3. f4 g6 4. Nf3 Bg7 5. Bc4 d6 6. O-O Nf6 7. d3 O-O 8. Qe1 a6 9. f5 b5 10.
Bb3 Nd4 11. fxg6 hxg6 12. Qh4 Nxf3+ 13. Rxf3 Bg4 14. Rxf6 Bxf6 15. Qxg4 c4 16. dxc4 Qb6+ 17. c5 Qxc5+ 18. Kh1 Kg7 19. Nd5 Be5 20. Be3 Bd4 21. Bxd4+ Qxd4 22. Nxe7 Qxb2 23. Rf1 Qe5 24. Nf5+ Kh7 25.
Qh4+ Kg8 26. Qg5 Qxe4 27. Qxg6+ Kh8 28. Qg7# 1-0

[Event "Late-Titled-Tuesday-Blitz-April-23-2024"]
[Site "Chess.com"]
[Date "2024.04.23"]
[Round "4"]
[White "Andrei_Skvortsov"]
[Black "Smiechu"]
[Result "1-0"]
[WhiteElo "2742"]
[BlackElo "2438"]
[TimeControl "180+1"]
[EndTime "14:39:11 PDT"]
[Termination "Andrei_Skvortsov won by resignation"]

1. d4 Nf6 2. Nf3 c5 3. Nc3 cxd4 4. Qxd4 Nc6 5. Qd3 g6 6. e4 Bg7 7. Be2 O-O 8. O-O d6 9. Nd5 Bg4 10. c3 Rc8 11. Bg5 Bxf3 12. Qxf3 Ne5 13. Qe3 e6 14.
Nxf6+ Bxf6 15. Bh6 Bg7 16. Bxg7 Kxg7 17. Qxa7 b6 18.
Qa4 Rc5 19. Rfd1 Qe7 20. Qd4 Qg5 21. g3 Qf6 22. f4 Nc4 23. Bxc4 Qxd4+ 24. Rxd4 e5 25.
Rxd6 Rxc4 26. fxe5 Rxe4 27. Rf1 Rxe5 28. Rxb6 Re2 29.
Rf2 Re1+ 30. Kg2 h5 31. h4 f6 32. a4 g5 33. hxg5 fxg5 34. Rxf8 Kxf8 35. Rb5 g4 36. a5 Re2+ 37. Kf1 Re3 38. a6 1-0

[Event "Late-Titled-Tuesday-Blitz-April-23-2024"]
[Site "Chess.com"]
[Date "2024.04.23"]
[Round "4"]
[White "xasid81"]
[Black "Valiyev_Shahin"]
[Result "0-1"]
[WhiteElo "2663"]
[BlackElo "2538"]
[TimeControl "180+1"]
[EndTime "14:39:13 PDT"]
[Termination "Valiyev_Shahin won by resignation"]

1. Nf3 d5 2. c4 e6 3. cxd5 exd5 4. d4 c6 5. Nc3 Nf6 6. Bg5 Be7 7. e3 O-O 8. Be2 h6 9. Bh4 Re8 10. O-O a5 11. Rc1 Na6 12. Bxa6 Rxa6 13. Ne5 Nd7 14.
Bxe7 Qxe7 15. Nxd7 Bxd7 16. Qd2 a4 17. a3 f5 18. Rfe1 Qf6 19. Qc2 b5 20. Qd2 Raa8 21. Na2 Re6 22. Nb4 Rae8 23. Nd3 Bc8 24. Ne5 Rxe5 25.
dxe5 Rxe5 26. Qd4 Bd7 27. f4 Re6 28. Qxf6 Rxf6 29. Kf2 Re6 30. Red1 Kf7 31. Rd4 h5 32. Rc5 g6 33. Rb4 Re7 34. b3 axb3 35. Rxb3 Re4 36. Rb4 Ke6 37. Rxe4+ fxe4 38. Ke2 Kd6 39. Rc1 c5 40. Kd2 d4 41. Rd1 Kd5 42. Rc1 c4 43. exd4 Kxd4 44. Rc3 Bf5 45. Re3 Bc8 46. Rg3 Bf5 47.
h3 h4 48. Re3 Bc8 49. g3 Bxh3 50. gxh4 Bf1 51. Rg3 Bd3 52. Kc1 e3 53. Rg5 c3 54. h5 e2 55. Rg1 gxh5 56. Re1 Ke3 57. Rh1 Be4 58. Re1 Kf2 0-1

[Event "Late-Titled-Tuesday-Blitz-April-23-2024"]
[Site "Chess.com"]
[Date "2024.04.23"]
[Round "4"]
[White "crushernt"]
[Black "Good_Knight_Kiss"]
[Result "0-1"]
[WhiteElo "2112"]
[BlackElo "2455"]
[TimeControl "180+1"]
[EndTime "14:39:15 PDT"]
[Termination "Good_Knight_Kiss won by resignation"]

1. e4 c5 2. Nf3 d6 3. d4 cxd4 4. Nxd4 Nf6 5. Nc3 a6 6. h3 e6 7.
g4 d5 8. exd5 Nxd5 9. Nde2 Bb4 10. Bg2 O-O 11. O-O Nxc3 12. Nxc3 Qc7 13. Qd4 Bd6 14.
Be3 Nc6 15. Qc4 Bd7 16. Rad1 b5 17. Qd3 Bh2+ 18. Kh1 Rad8 19. Qe4 f5 20. Rxd7 fxe4 21. Rxc7 Bxc7 22. Bxe4 Ne5 23. b3 Ba5 24. Ne2 Bd2 25. Bg5 Bxg5 0-1

[Event "Late-Titled-Tuesday-Blitz-April-23-2024"]
[Site "Chess.com"]
[Date "2024.04.23"]
[Round "4"]
[White "Brahianzevich"]
[Black "Airquake"]
[Result "1-0"]
[WhiteElo "2483"]
[BlackElo "2653"]
[TimeControl "180+1"]
[EndTime "14:39:16 PDT"]
[Termination "Brahianzevich won by resignation"]

1. e4 c5 2. Nf3 d6 3. d4 cxd4 4. Nxd4 Nf6 5. Nc3 a6 6. Bg5 e6 7.
f4 Qb6 8. Nb3 h6 9. Bxf6 gxf6 10. Qf3 Qc7 11. O-O-O b5 12. f5 Nc6 13. fxe6 fxe6 14.
e5 fxe5 15. Ne4 Bb7 16. Nf6+ Kd8 17. Nc5 Kc8 18. Nxe6 Qf7 19. Qf5 Ne7 20. Rxd6 Bg7 21.
Qh3 Qxf6 22. Nxg7+ 1-0